| TOP OF THE 1ST |
|
Houston Astros batting - Pitching for Minnesota Twins : RHP Mike Moon
|
|
Pitching: RHP Mike Moon
|
|
|
Batting: RHB Jeremy Trump
|
0-0: Called Strike 0-1: Foul Ball, location: 2F 0-2: Strikes out swinging
|
|
Batting: LHB Eric Katz
|
0-0: Ball 1-0: Ball 2-0: Ground out 6-3 (Groundball, 6, EV 83.1 MPH)
|
|
Batting: SHB Jason Woods
|
0-0: Ball 1-0: Foul Ball, location: 2F 1-1: Ball 2-1: Swinging Strike 2-2: Ball 3-2: SINGLE (Groundball, 25, EV 64.4 MPH) (infield hit)
|
|
Batting: LHB Jack Christie
|
0-0: Called Strike 0-1: Called Strike 0-2: Ball Pickoff Throw to First - Out! 1-3
|
| Top of the 1st over - 0 runs, 1 hit, 0 errors, 0 left on base; Houston 0 - Minnesota 0 |
| BOTTOM OF THE 1ST |
|
Minnesota Twins batting - Pitching for Houston Astros : RHP Moises Hernandez Jr.
|
|
Pitching: RHP Moises Hernandez Jr.
|
|
|
Batting: RHB Greg Harman
|
0-0: Foul Ball, location: 2F 0-1: Swinging Strike 0-2: Ball 1-2: Foul Ball, location: 2F 1-2: Strikes out swinging
|
|
Batting: LHB Per Meulengracht
|
0-0: Ball 1-0: Ball 2-0: Called Strike 2-1: Foul Ball, location: 2F 2-2: Ball 3-2: Ground out 6-3 (Groundball, 6, EV 81.9 MPH)
|
|
Batting: LHB Ricardo Batista
|
0-0: Ball 1-0: Ball 2-0: Swinging Strike 2-1: Foul Ball, location: 2F 2-2: Foul Ball, location: 2F 2-2: Ball 3-2: Strikes out swinging
|
| Bottom of the 1st over - 0 runs, 0 hits, 0 errors, 0 left on base; Houston 0 - Minnesota 0 |
| TOP OF THE 2ND |
|
Houston Astros batting - Pitching for Minnesota Twins : RHP Mike Moon
|
|
Batting: LHB Jack Christie
|
0-0: Ball 1-0: Ball 2-0: Swinging Strike 2-1: Foul Ball, location: 2F 2-2: SOLO HOME RUN (Flyball, 89XD, EV 101.9 MPH), Distance : 403 ft
|
|
Batting: RHB Eric Chotkowski
|
0-0: Ball 1-0: Foul Ball, location: 2F 1-1: Called Strike 1-2: Hit by Pitch
|
|
Batting: SHB Rich Chavez
|
0-0: Swinging Strike 0-1: Ball 1-1: Foul Ball, location: 2F 1-2: Strikes out swinging
|
|
Batting: RHB Chris Lane
|
0-0: Grounds into double play, 5-4-3 (Groundball, 56, EV 86.9 MPH)
|
| Top of the 2nd over - 1 run, 1 hit, 0 errors, 0 left on base; Houston 1 - Minnesota 0 |
| BOTTOM OF THE 2ND |
|
Minnesota Twins batting - Pitching for Houston Astros : RHP Moises Hernandez Jr.
|
|
Batting: RHB Miguel Gonzalez
|
0-0: Called Strike 0-1: Called Strike 0-2: Foul Ball, location: 2F 0-2: Ball 1-2: Ball 2-2: TRIPLE (Line Drive, 78XD, EV 110.0 MPH)
|
|
Batting: LHB Ryan Flynn Jr.
|
0-0: Ball 1-0: Swinging Strike 1-1: Foul Ball, location: 2F 1-2: Strikes out swinging
|
|
Batting: RHB José Molina
|
0-0: Ground out 5-3 (Groundball, 56, EV 90.6 MPH) Miguel Gonzalez scores
|
|
Batting: SHB Bran Stark
|
0-0: Ball 1-0: Called Strike 1-1: Called Strike 1-2: Ball 2-2: Strikes out looking
|
| Bottom of the 2nd over - 1 run, 1 hit, 0 errors, 0 left on base; Houston 1 - Minnesota 1 |
| TOP OF THE 3RD |
|
Houston Astros batting - Pitching for Minnesota Twins : RHP Mike Moon
|
|
Batting: SHB Joe Gardner
|
0-0: Ground out 4-3 (Groundball, 4, EV 83.1 MPH)
|
|
Batting: SHB Troy Kenyon
|
0-0: Ball 1-0: Ground out 4-3 (Groundball, 4M, EV 93.1 MPH)
|
|
Batting: RHB Jeremy Trump
|
0-0: Ball 1-0: Ball 2-0: Called Strike 2-1: Called Strike 2-2: Ball 3-2: Base on Balls
|
|
Batting: LHB Eric Katz
|
0-0: Swinging Strike 0-1: Swinging Strike 0-2: Ball 1-2: Foul Ball, location: 2F 1-2: Strikes out swinging
|
| Top of the 3rd over - 0 runs, 0 hits, 0 errors, 1 left on base; Houston 1 - Minnesota 1 |
| BOTTOM OF THE 3RD |
|
Minnesota Twins batting - Pitching for Houston Astros : RHP Moises Hernandez Jr.
|
|
Batting: RHB Cyril Husson
|
0-0: Ball 1-0: Ball 2-0: Called Strike 2-1: SINGLE (Line Drive, 7S, EV 101.9 MPH)
|
|
Batting: RHB Alex Sandoval
|
0-0: Ball 1-0: Ball 2-0: Called Strike 2-1: Called Strike 2-2: Foul Ball, location: 2F 2-2: Foul Ball, location: 2F 2-2: Strikes out swinging
|
|
Batting: RHB Greg Harman
|
0-0: Ball 1-0: Ball 2-0: Ball 3-0: Base on Balls Cyril Husson to second
|
|
Batting: LHB Per Meulengracht
|
0-0: Swinging Strike 0-1: Ball 1-1: Foul Ball, location: 2F 1-2: Ball 2-2: Fly out, F7 (Flyball, 7, EV 77.5 MPH)
|
|
Batting: LHB Ricardo Batista
|
0-0: Fly out, F8 (Flyball, 8RM, EV 84.4 MPH)
|
| Bottom of the 3rd over - 0 runs, 1 hit, 0 errors, 2 left on base; Houston 1 - Minnesota 1 |
| TOP OF THE 4TH |
|
Houston Astros batting - Pitching for Minnesota Twins : RHP Mike Moon
|
|
Batting: SHB Jason Woods
|
0-0: Ground out U3 (Groundball, 34S, EV 86.9 MPH)
|
|
Batting: LHB Jack Christie
|
0-0: Called Strike 0-1: Swinging Strike 0-2: Ball 1-2: Strikes out swinging
|
|
Batting: RHB Eric Chotkowski
|
0-0: Swinging Strike 0-1: Swinging Strike 0-2: Ball 1-2: Foul Ball, location: 2F 1-2: Foul Ball, location: 2F 1-2: Strikes out swinging
|
| Top of the 4th over - 0 runs, 0 hits, 0 errors, 0 left on base; Houston 1 - Minnesota 1 |
| BOTTOM OF THE 4TH |
|
Minnesota Twins batting - Pitching for Houston Astros : RHP Moises Hernandez Jr.
|
|
Batting: RHB Miguel Gonzalez
|
0-0: Called Strike 0-1: Fly out, F7 (Line Drive, 78M, EV 100.0 MPH)
|
|
Batting: LHB Ryan Flynn Jr.
|
0-0: Swinging Strike 0-1: SINGLE (Line Drive, 5D, EV 96.9 MPH)
|
|
Batting: RHB José Molina
|
0-0: DOUBLE (Line Drive, 7LS, EV 101.9 MPH) Ryan Flynn Jr. to third
|
|
Batting: SHB Bran Stark
|
0-0: Ball 1-0: Ball 2-0: Ball 3-0: Called Strike 3-1: SINGLE (Groundball, 34D, EV 100.6 MPH) (infield hit) Ryan Flynn Jr. scores José Molina to third
|
|
Batting: RHB Cyril Husson
|
0-0: Ball 1-0: Swinging Strike 1-1: Swinging Strike 1-2: Strikes out swinging
|
|
Batting: RHB Alex Sandoval
|
0-0: Called Strike 0-1: Swinging Strike 0-2: Ball 1-2: Ball 2-2: Ball 3-2: Strikes out looking
|
| Bottom of the 4th over - 1 run, 3 hits, 0 errors, 2 left on base; Houston 1 - Minnesota 2 |
| TOP OF THE 5TH |
|
Houston Astros batting - Pitching for Minnesota Twins : RHP Mike Moon
|
|
Batting: SHB Rich Chavez
|
0-0: Called Strike 0-1: Foul Ball, location: 2F 0-2: Foul Ball, location: 2F 0-2: Ball 1-2: Ball 2-2: Foul Ball, location: 2F 2-2: Ball 3-2: Base on Balls
|
|
Batting: RHB Chris Lane
|
0-0: Called Strike 0-1: Foul Ball, location: 2F 0-2: Ball 1-2: Fly out, F8 (Flyball, 78D, EV 83.1 MPH)
|
|
Batting: SHB Joe Gardner
|
0-0: Foul Ball, location: 2F 0-1: Swinging Strike 0-2: Fly out, F8 (Flyball, 78M, EV 88.1 MPH)
|
|
Batting: SHB Troy Kenyon
|
0-0: Fly out, F8 (Flyball, 78M, EV 85.0 MPH)
|
| Top of the 5th over - 0 runs, 0 hits, 0 errors, 1 left on base; Houston 1 - Minnesota 2 |
| BOTTOM OF THE 5TH |
|
Minnesota Twins batting - Pitching for Houston Astros : RHP Moises Hernandez Jr.
|
|
Batting: RHB Greg Harman
|
0-0: Ball 1-0: SOLO HOME RUN (Line Drive, 7LD, EV 98.8 MPH), Distance : 368 ft
|
|
Batting: LHB Per Meulengracht
|
0-0: Foul Ball, location: 2F 0-1: Ball 1-1: SINGLE (Line Drive, 4MD, EV 98.8 MPH)
|
|
Batting: LHB Ricardo Batista
|
0-0: Foul Ball, location: 2F 0-1: Ball 1-1: Foul Ball, location: 2F 1-2: Foul Ball, location: 2F 1-2: TRIPLE (Line Drive, 89XD, EV 106.9 MPH) Per Meulengracht scores
|
|
Batting: RHB Miguel Gonzalez
|
0-0: Ball 1-0: Ball 2-0: Foul Ball, location: 2F 2-1: Reached via error on a dropped throw from 1B, E1 (Groundball, 34S, EV 83.1 MPH) Ricardo Batista scores
|
|
Batting: LHB Ryan Flynn Jr.
|
0-0: Called Strike 0-1: Ball 1-1: Ball 2-1: Called Strike 2-2: Foul Ball, location: 2F 2-2: Ball 3-2: Grounds into double play, 4-6-3 (Groundball, 4, EV 90.6 MPH)
|
|
Batting: RHB José Molina
|
0-0: Called Strike 0-1: SOLO HOME RUN (Line Drive, 78XD, EV 110.0 MPH), Distance : 413 ft
|
|
Pitching: LHP Brian Thomas
|
|
|
Batting: SHB Bran Stark
|
0-0: Ball 1-0: SINGLE (Line Drive, 78M, EV 99.4 MPH)
|
|
Batting: RHB Cyril Husson
|
0-0: Swinging Strike 0-1: Called Strike Bran Stark steals 2nd base 0-2: Ball 1-2: Ground out U3 (Groundball, 34, EV 103.1 MPH)
|
| Bottom of the 5th over - 4 runs, 5 hits, 1 error, 1 left on base; Houston 1 - Minnesota 6 |
| TOP OF THE 6TH |
|
Houston Astros batting - Pitching for Minnesota Twins : RHP Mike Moon
|
|
Batting: RHB Jeremy Trump
|
0-0: Ball 1-0: Foul Ball, location: 2F 1-1: Ball 2-1: Foul Ball, location: 2F 2-2: Foul Ball, location: 2F 2-2: DOUBLE (Line Drive, 8RXD, EV 105.6 MPH)
|
|
Batting: LHB Eric Katz
|
0-0: Called Strike 0-1: Fly out, F7 (Flyball, 7, EV 94.4 MPH)
|
|
Batting: SHB Jason Woods
|
0-0: Foul Ball, location: 2F 0-1: Swinging Strike 0-2: Strikes out looking
|
|
Batting: LHB Jack Christie
|
0-0: Ball 1-0: 2-RUN HOME RUN (Flyball, 9D, EV 101.2 MPH), Distance : 392 ft
|
|
Batting: RHB Eric Chotkowski
|
0-0: Swinging Strike 0-1: Ball 1-1: SINGLE (Line Drive, 34D, EV 107.5 MPH)
|
|
Batting: SHB Rich Chavez
|
0-0: Ball 1-0: Foul Ball, location: 2F 1-1: Swinging Strike 1-2: Ball 2-2: Foul Ball, location: 2F 2-2: Strikes out swinging
|
| Top of the 6th over - 2 runs, 3 hits, 0 errors, 1 left on base; Houston 3 - Minnesota 6 |
| BOTTOM OF THE 6TH |
|
Minnesota Twins batting - Pitching for Houston Astros : LHP Brian Thomas
|
|
Batting: RHB Alex Sandoval
|
0-0: Ball 1-0: Foul Ball, location: 2F 1-1: Ball 2-1: Swinging Strike 2-2: Ball 3-2: Base on Balls
|
|
Batting: RHB Greg Harman
|
0-0: Foul Ball, location: 2F 0-1: Ball 1-1: Called Strike Alex Sandoval steals 2nd base 1-2: Strikes out swinging
|
|
Batting: LHB Per Meulengracht
|
0-0: Swinging Strike 0-1: Ball 1-1: Ball 2-1: Foul Ball, location: 2F 2-2: Strikes out swinging
|
|
Batting: LHB Ricardo Batista
|
0-0: Ball 1-0: Foul Ball, location: 2F 1-1: Fly out, F7 (Flyball, 7LD, EV 88.8 MPH)
|
| Bottom of the 6th over - 0 runs, 0 hits, 0 errors, 1 left on base; Houston 3 - Minnesota 6 |
| TOP OF THE 7TH |
|
Houston Astros batting - Pitching for Minnesota Twins : RHP Mike Moon
|
|
Batting: RHB Chris Lane
|
0-0: Called Strike 0-1: Called Strike 0-2: Foul Ball, location: 2F 0-2: Ball 1-2: Ball 2-2: Ball 3-2: SINGLE (Line Drive, 6D, EV 98.1 MPH)
|
|
Pitching: LHP Jim Storer
|
|
|
Batting: SHB Joe Gardner
|
0-0: Ball 1-0: Fielders Choice at 2nd, 4-6 (Groundball, 34, EV 87.5 MPH)
|
|
Batting: SHB Troy Kenyon
|
0-0: Grounds into double play, 6-4-3 (Groundball, 6, EV 75.6 MPH)
|
| Top of the 7th over - 0 runs, 1 hit, 0 errors, 0 left on base; Houston 3 - Minnesota 6 |
| BOTTOM OF THE 7TH |
|
Minnesota Twins batting - Pitching for Houston Astros : LHP Brian Thomas
|
|
Pitching: RHP Arturo Vargas
|
|
|
Batting: RHB Miguel Gonzalez
|
0-0: Ball 1-0: Called Strike 1-1: Foul Ball, location: 2F 1-2: Ball 2-2: Ball 3-2: Single, Error in OF, E9, batter to second base (Line Drive, 9S, EV 100.0 MPH)
|
|
Batting: LHB Ryan Flynn Jr.
|
0-0: Intentional Walk
|
|
Batting: RHB José Molina
|
0-0: Ball 1-0: Ball Miguel Gonzalez steals 3rd base (no throw) Ryan Flynn Jr. to second 2-0: Called Strike 2-1: Foul Ball, location: 2F 2-2: Ball 3-2: Ground out 5-3 (Groundball, 56, EV 83.8 MPH) Miguel Gonzalez scores
|
|
Batting: SHB Bran Stark
|
0-0: Intentional Walk
|
|
Batting: RHB Cyril Husson
|
0-0: Ball 1-0: Foul Ball, location: 2F 1-1: SINGLE (Groundball, 34D, EV 104.4 MPH) Ryan Flynn Jr. to third Bran Stark to second Runner from 3rd tries for Home, SAFE, throw by RF to home
|
|
Batting: RHB Alex Sandoval
|
0-0: Called Strike 0-1: Foul Ball, location: 2F 0-2: Ball 1-2: Reached on error, E6 (Groundball, 6S, EV 86.9 MPH) Bran Stark to third Cyril Husson to second
|
|
Batting: RHB Greg Harman
|
0-0: Swinging Strike 0-1: Swinging Strike 0-2: Foul Ball, location: 2F 0-2: Ball 1-2: Foul Ball, location: 2F 1-2: Hit by Pitch Bran Stark scores Cyril Husson to third Alex Sandoval to second
|
|
Batting: LHB Per Meulengracht
|
0-0: Grounds into double play, 4-6-3 (Groundball, 4, EV 93.1 MPH)
|
| Bottom of the 7th over - 3 runs, 2 hits, 2 errors, 2 left on base; Houston 3 - Minnesota 9 |
| TOP OF THE 8TH |
|
Houston Astros batting - Pitching for Minnesota Twins : LHP Jim Storer
|
|
Batting: RHB Jeremy Trump
|
0-0: Ball 1-0: Foul Ball, location: 2F 1-1: SINGLE (Line Drive, 34D, EV 106.9 MPH)
|
|
Batting: LHB Eric Katz
|
0-0: Ball 1-0: Called Strike 1-1: Ball 2-1: Foul Ball, location: 2F 2-2: Strikes out swinging
|
|
Batting: SHB Jason Woods
|
0-0: Ball 1-0: Fielders Choice at 2nd, 5-4 (Groundball, 56D, EV 82.5 MPH)
|
|
Batting: LHB Jack Christie
|
0-0: Called Strike 0-1: Ball 1-1: Ball 2-1: Foul Ball, location: 2F 2-2: Hit by Pitch Jason Woods to second
|
|
Batting: RHB Eric Chotkowski
|
0-0: Ball 1-0: SINGLE (Groundball, 56D, EV 103.1 MPH) Jason Woods to third Jack Christie to second Runner from 3rd tries for Home, SAFE, throw by LF to home
|
|
Batting: SHB Rich Chavez
|
0-0: 3-RUN HOME RUN (Flyball, 9D, EV 105.0 MPH), Distance : 403 ft
|
|
Pitching: LHP Inkei Wakamatsu
|
|
|
Batting: RHB Chris Lane
|
0-0: Called Strike 0-1: Ball 1-1: Fly out, F9 (Flyball, 9LS, EV 89.4 MPH)
|
| Top of the 8th over - 4 runs, 3 hits, 0 errors, 0 left on base; Houston 7 - Minnesota 9 |
| BOTTOM OF THE 8TH |
|
Minnesota Twins batting - Pitching for Houston Astros : RHP Arturo Vargas
|
|
Pitching: RHP John Mathis
|
|
|
Batting: LHB Ricardo Batista
|
0-0: Called Strike 0-1: Foul Ball, location: 2F 0-2: Ground out 3-1 (Groundball, 34S, EV 90.0 MPH)
|
|
Batting: RHB Miguel Gonzalez
|
0-0: Ball 1-0: TRIPLE (Flyball, 7LD, EV 101.9 MPH)
|
|
Batting: LHB Ryan Flynn Jr.
|
0-0: Intentional Walk
|
|
Batting: RHB José Molina
|
0-0: Called Strike 0-1: Ball 1-1: Ball 2-1: Called Strike Ryan Flynn Jr. steals 2nd base (no throw) 2-2: Ball 3-2: Ground out 5-3 (Groundball, 56S, EV 74.4 MPH) Miguel Gonzalez scores Ryan Flynn Jr. to third
|
|
Batting: SHB Bran Stark
|
0-0: Intentional Walk
|
|
Batting: RHB Cyril Husson
|
0-0: Called Strike 0-1: Ball 1-1: Foul Ball, location: 2F 1-2: Strikes out looking
|
| Bottom of the 8th over - 1 run, 1 hit, 0 errors, 2 left on base; Houston 7 - Minnesota 10 |
| TOP OF THE 9TH |
|
Houston Astros batting - Pitching for Minnesota Twins : LHP Inkei Wakamatsu
|
|
Batting: SHB Joe Gardner
|
0-0: Ball 1-0: Foul Ball, location: 2F 1-1: Called Strike 1-2: Foul Ball, location: 2F 1-2: Strikes out swinging, 2-3 out at first.
|
|
Batting: SHB Troy Kenyon
|
0-0: Ball 1-0: Foul Ball, location: 2F 1-1: Called Strike 1-2: Ball 2-2: Ball 3-2: Ground out 5-3 (Groundball, 56S, EV 66.9 MPH)
|
|
Batting: RHB Jeremy Trump
|
0-0: Called Strike 0-1: Fly out, F8 (Flyball, 8RD, EV 86.2 MPH)
|
| Top of the 9th over - 0 runs, 0 hits, 0 errors, 0 left on base; Houston 7 - Minnesota 10 |
|